[Event "GER-ch Youth-U16 2022"]
[Site "Willingen"]
[Date "2022.06.06"]
[Round "3.10"]
[White "Beyer, Lorenz"]
[Black "Albert, Markus"]
[Result "0-1"]
[ECO "A41"]
[WhiteElo "1512"]
[BlackElo "2053"]
[Annotator "TA"]
[PlyCount "84"]
[EventDate "2022.06.05"]
[EventType "swiss"]
[EventRounds "9"]
[EventCountry "GER"]
[SourceTitle "playchess.com"]
[Source "ChessBase"]
[SourceQuality "1"]
[TimeControl "40/4500+30:900+30"]

1. d4 d6 2. Nf3 Bg4 3. Bf4 Nd7 4. Nbd2 g6 5. c3 Bg7 6. h3 {[%emt 0:00:00] A41: 1 d4 d6: Tartakower System and Modern Defence.} Bxf3 7. Nxf3 e5 {[%emt 0:00:00] [#]} 8. dxe5 $146 {[%emt 0:00:00] White is slightly better.} ({Predecessor:} 8. Bg5 f6 9. Bh4 Nh6 10. Qb3 Nf5 11. e4 Nxh4 12. Nxh4 Nb6 13. a4 a5 14. Be2 exd4 15. cxd4 {0-1 (60) Gil Capape,M (2185)-Sicilia Ruiz,M (2144) Aragon 2008}) 8... dxe5 9. Bg3 f5 (9... e4 $11 10. Nd4 c6) 10. Qb3 $16 {[%emt 0:00:00] Threatens to win with 0-0-0.} Rb8 11. Rd1 {[%emt 0:01:03] Hoping for Bh4.} Qe7 12. Bh4 (12. e3 $16) 12... Ngf6 (12... Bf6 $11 {keeps the balance.}) 13. e3 $36 {[%emt 0:06:58][%mdl 2048] White is really pushing.} c6 14. Bc4 b5 15. Be2 (15. Be6 Nc5 16. Qb4 Nxe6 $17) 15... Nc5 {[%emt 0:00:22] [#]} 16. Qa3 {[%emt 0:01:13][%cal Of3e5] Strongly threatening Nxe5!} h6 $2 {[%emt 0:06:45][%mdl 8192] [#]} ({Better is} 16... Rc8 $14) 17. Nxe5 $1 $18 b4 (17... Qxe5 $142 18. Bg3 Qe7 19. Bxb8 Na4) 18. cxb4 Qxe5 19. Bg3 {[%emt 0:00:54][%cal Bh4g3,Bg3b8,Bb8h2][%mdl 96] Skewer, Deflection} (19. bxc5 Qxb2 20. Qxb2 (20. Qxa7 Qc3+ 21. Kf1 O-O $16) 20... Rxb2 $16) 19... Qe4 20. Bxb8 Qxg2 21. Rh2 (21. bxc5 Qxh1+ 22. Kd2 Qg2 $18) 21... Qg1+ 22. Bf1 Ncd7 23. Rg2 Qh1 24. Bh2 O-O 25. Qxa7 Rf7 26. Qa8+ Kh7 27. Qxc6 Re7 28. Qd6 Bf8 29. Qg3 Ne5 30. f3 Nh5 31. Qf2 Nc4 32. Rg1 Rxe3+ {[%emt 0:00:16] [#]} 33. Qxe3 $3 {[%emt 0:00:04][%mdl 512] Qa7+ would kill now.} Bxb4+ 34. Ke2 $4 ({Less strong is} 34. Rd2 Qxh2 35. Qe7+ (35. Bxc4 Bxd2+ 36. Qxd2 Qxg1+ 37. Ke2 Qg2+ 38. Kd3 Qxf3+ 39. Kc2 Nf6 $14) 35... Ng7 36. Qxb4 Nxd2 $18) (34. Kf2 $18 Qxh2+ 35. Rg2 Nxe3 36. Rd7+ (36. Rxh2 Nxd1+ 37. Ke2 Bd6 $17) 36... Kg8 37. Rxh2) 34... Qxh2+ $19 35. Rg2 Nf4+ {[%emt 0:01:09][%mdl 64] Pin, Double Attack} 36. Kf2 Nxh3+ {[%emt 0:00:12] Pair of Knights!} 37. Ke2 Nf4+ 38. Qxf4 Qxf4 39. Rd7+ Kh8 {[%emt 0:00:25] ( -> ...Qc1)} 40. Rxg6 Ne5 {[%emt 0:00:45][%csl Ge5][%cal Rf4f3] Black mates.} 41. Rd8+ Kh7 42. Rgg8 Qxf3# {[%emt 0:00:12] What a bad dream for White.  Weighted Error Value: White=0.14 (very precise) /Black=0.80} 0-1

[Event "GER-ch Youth-U16 2022"]
[Site "Willingen"]
[Date "2022.06.06"]
[Round "3.11"]
[White "Chassard, Cedric"]
[Black "Bock, Marlon"]
[Result "1-0"]
[ECO "B30"]
[WhiteElo "2051"]
[BlackElo "1816"]
[Annotator "TA"]
[PlyCount "97"]
[EventDate "2022.06.05"]
[EventType "swiss"]
[EventRounds "9"]
[EventCountry "GER"]
[SourceTitle "playchess.com"]
[Source "ChessBase"]
[SourceQuality "1"]
[TimeControl "40/4500+30:900+30"]

1. e4 c5 2. Nf3 Nc6 3. Bb5 e6 4. Bxc6 bxc6 5. e5 d5 (5... f6 $11) 6. exd6 $14 {[%emt 0:00:00] B30: Sicilian: 2...Nc6 3 Bb5, lines without ...g6.} Bxd6 7. d3 Nf6 8. O-O {[%emt 0:00:00] White is slightly better.} O-O {[%emt 0:00:23] [#]} 9. b3 $146 ({Predecessor:} 9. Bg5 h6 10. Bh4 Be7 11. Nbd2 a5 12. a4 Ba6 13. Re1 Qb6 14. b3 Nd5 15. Bxe7 Nxe7 {1-0 (66) Ismayil,M (1974)-Nagaeva,A (1671) Moscow 2020}) 9... Ba6 10. Bb2 Re8 11. Nbd2 e5 12. Re1 Qc7 13. Qe2 Nd5 14. Ne4 (14. Nxe5 f6 15. Ndf3 fxe5 $19) (14. Bxe5 $2 Bxe5 15. Nxe5 f6 $19) 14... f6 15. Ba3 Nb4 (15... Be7 $11 {should be considered.}) 16. Qd2 Rab8 17. c3 (17. Bxb4 $14 cxb4 18. a3) 17... Nxd3 $15 18. Re3 f5 19. Nxd6 Qxd6 20. Rd1 (20. Ne1 $17 {might work better.}) 20... e4 21. Ne1 (21. c4 $17) 21... Qe7 $2 (21... f4 $19 22. Re2 Qg6 23. Nxd3 Bxd3) 22. c4 (22. Nxd3 $15 Bxd3 23. Ree1) 22... f4 $1 $17 23. Re2 {[%emt 0:05:32] [#]} Nxe1 (23... Nxf2 $1 $17 {[%mdl 512] and life is bright.} 24. Kxf2 (24. Rxf2 $2 e3 $19) 24... e3+ 25. Kf1 exd2 26. Rxe7 Rxe7 27. Rxd2 Ree8) 24. Rexe1 ({White should try} 24. Rdxe1 $16 Qf8 25. Rxe4) 24... Qg5 25. Bc1 e3 26. fxe3 f3 27. e4 $36 {[%emt 0:04:04][%mdl 2048] Keeping Black busy.} Qg4 28. h3 Qg6 29. Qg5 {[%emt 0:00:43] Against Rbd8} Rf8 {[%emt 0:03:52] [#]} (29... Qxg5 $16 30. Bxg5 fxg2) 30. Qxg6 $1 $18 f2+ 31. Kh2 {[%emt 0:00:21] aiming for Qe6+.} hxg6 32. Rf1 Rbe8 33. Rd7 Rxe4 {[%emt 0:01:35] Hoping for ...Re1.} 34. Bb2 Kh7 (34... Re2 {was necessary.} 35. Rxg7+ Kh8) 35. Bxg7 Rf5 (35... Bc8 $142 36. Rxa7 Rfe8 37. Rxf2 R4e7) 36. g4 Rf3 (36... Bc8 $2 37. Rc7 Rf3 38. Bb2+ (38. Rxc8 Kxg7 39. Kg2 Ree3 $16) 38... Kg8 39. Rxc8+) 37. Kg2 Ref4 38. Bd4+ Rf7 39. Rxf7+ Rxf7 40. Rxf2 ({Much less strong is} 40. Bxc5 Bc8 41. Bxf2 (41. Rxf2 Rxf2+ 42. Kxf2 a6 $18) 41... a5 $18) 40... Rxf2+ (40... Rd7) 41. Bxf2 {[%emt 0:15:07][%mdl 4096] Endgame KB-KB. White is clearly winning.} Bc8 42. Bxc5 a6 43. Kf3 Kg7 44. Kf4 Kf6 45. Bd4+ Ke6 (45... Kf7 $142 46. Ke5 c5 47. Bxc5 Bb7) 46. Kg5 Kf7 47. h4 Kg8 48. Kxg6 Bxg4 49. Kf6 {[%emt 0:00:00] White used his chance.  Weighted Error Value: White=0.27 (precise) /Black=0.45} 1-0

[Event "GER-ch Youth-U16 2022"]
[Site "Willingen"]
[Date "2022.06.06"]
[Round "3.12"]
[White "Ehrig, Leon Chris"]
[Black "Stork, Christopher"]
[Result "0-1"]
[ECO "B20"]
[WhiteElo "1890"]
[BlackElo "1994"]
[Annotator "TA"]
[PlyCount "118"]
[EventDate "2022.06.05"]
[EventType "swiss"]
[EventRounds "9"]
[EventCountry "GER"]
[SourceTitle "playchess.com"]
[Source "ChessBase"]
[SourceQuality "1"]
[TimeControl "40/4500+30:900+30"]

1. e4 c5 2. b4 cxb4 3. a3 e6 4. axb4 Bxb4 5. c3 Be7 6. d4 d6 7. Bd3 {[%emt 0:01:27][%mdl 1024] White has compensation. 7.Bd3 is better than 7.f4.} Nf6 {[%emt 0:04:34] B20: Sicilian: Unusual White 2nd moves.} 8. f4 Nc6 9. Nf3 d5 {[%emt 0:05:45] The position is equal.} 10. e5 {[%emt 0:05:03] [#]} Ng8 $146 (10... Ne4 11. O-O f5 12. exf6 Nxf6 13. Ne5 O-O 14. Nd2 Qc7 15. Qf3 b6 16. Qh3 Bd6) ({Predecessor:} 10... Ne4 11. O-O f5 12. exf6 Nxf6 13. Ne5 O-O 14. Nd2 Qc7 15. Qf3 b6 16. Qh3 Bd6 {1-0 (25) Rozman,L (2343)-Sachdev,T (2392) Chess.com INT 2020}) 11. O-O h5 12. Ng5 g6 13. Qc2 {[%emt 0:03:07][%cal Od3g6] Threatens to win with Bxg6!} Bxg5 (13... Nh6 $11 {remains equal.}) 14. fxg5 $16 Nge7 15. Rf6 Qb6 (15... a6 $16 {is a better defense.}) 16. Qf2 $1 $18 Nf5 17. Ba3 Bd7 {[%emt 0:05:51] [#]} 18. Bc5 $1 Qb3 (18... Qc7 {is a better chance.} 19. Bxf5 gxf5) 19. Qd2 Ne3 (19... b6 $142) 20. Qxe3 Qd1+ 21. Rf1 Qg4 22. Qf4 (22. h3 $142 Qh4 23. Na3) 22... Qxf4 23. Rxf4 Rc8 24. Nd2 Nxe5 25. Be2 (25. dxe5 Rxc5 26. Rxa7 Rxc3 $18) 25... Nc6 26. Raf1 b6 27. Bd6 Nd8 28. Bd3 {[%emt 0:01:40][%cal Od3g6] Hoping for Bxg6!} Rg8 29. c4 dxc4 {[%emt 0:00:52] [#]} 30. Ne4 $1 f5 {[%emt 0:02:33] [#]} 31. gxf6 $1 {[%emt 0:02:01] Intending f7+ and mate.} Nf7 32. Bc2 Bc6 33. Ba3 a6 34. Nd6+ Nxd6 35. f7+ ({Not} 35. Bxd6 Kf7 36. Rb1 b5 $18) 35... Kd7 36. fxg8=Q ({Resist} 36. fxg8=R Rxg8 37. Rf6 h4 $18) 36... Rxg8 37. Rf6 Bd5 38. Rb1 b5 39. Bb4 Nb7 (39... Nf5 $142 40. Bc5 Rg7) 40. Ra1 Ra8 41. Rxg6 a5 42. Rg7+ Kc6 43. Rxb7 $2 axb4 $11 44. Rxa8 Kxb7 45. Ra1 (45. Rf8) (45. Rf8 $1 $11) 45... b3 $17 46. Bxb3 {[%emt 0:02:10][%mdl 8192] This costs White the game.} cxb3 {[%emt 0:00:00][%mdl 4096] Endgame KR-KB} 47. Rb1 Kb6 48. Kf2 {[%emt 0:00:08] [#]} Ka5 $1 49. Ke3 Kb4 50. Kd2 $2 (50. g3 Kc3 51. Rc1+ Kb2 52. Kd2) 50... Be4 $19 51. Rb2 Bxg2 {[%emt 0:00:44] Strongly threatening ...Be4.} 52. Kc1 Bd5 {[%emt 0:02:08] White must now prevent ...Kc3.} 53. Re2 Kc3 54. Re3+ Kxd4 55. Rh3 e5 {[%emt 0:01:03][%cal Be6e5,Be5e4,Be4e3,Be3e2][%mdl 32] ( -> ...e4)} 56. Rxh5 e4 {[%emt 0:00:24] Black mates.} 57. Rg5 e3 58. h4 e2 59. Kd2 b2 {[%emt 0:00:12] Weighted Error Value: White=0.82/Black=0.23 (precise)} 0-1

[Event "GER-ch Youth-U16 2022"]
[Site "Willingen"]
[Date "2022.06.06"]
[Round "3.13"]
[White "Metzdorf, Matteo"]
[Black "Kort, Felix"]
[Result "1-0"]
[ECO "C77"]
[WhiteElo "2009"]
[BlackElo "1894"]
[Annotator "TA"]
[PlyCount "95"]
[EventDate "2022.06.05"]
[EventType "swiss"]
[EventRounds "9"]
[EventCountry "GER"]
[SourceTitle "playchess.com"]
[Source "ChessBase"]
[SourceQuality "1"]
[TimeControl "40/4500+30:900+30"]

1. e4 e5 2. Nf3 Nc6 3. Bb5 a6 4. Ba4 Nf6 5. d3 d6 6. c3 b5 7. Bc2 Be7 8. O-O O-O 9. Re1 {[%emt 0:00:00] 9.Nbd2 deserves study.} Re8 10. Nbd2 {[%emt 0:00:00] C84: Closed Ruy Lopez: Unusual White 6th moves.} h6 11. Nf1 {[%emt 0:02:01] 11.d4 is vanishing.} Bb7 12. Ng3 {[%emt 0:02:52] White is slightly better.} Bf8 13. Nf5 {[%emt 0:16:17] [#]} (13. d4 $14) 13... Nb8 $146 ({Predecessor:} 13... d5 14. Qe2 Ne7 15. Nxe7+ Rxe7 16. a4 Rb8 17. axb5 axb5 18. h3 g6 19. Be3 Bg7 {0-1 (38) Van Foreest,J (2682)-Sevian,S (2660) Chess.com INT 2020}) 14. h3 c5 15. Nh2 d5 16. Ng4 Nbd7 17. Qf3 dxe4 (17... Kh8 $11) 18. dxe4 $14 Kh7 19. Rd1 {[%emt 0:13:08] aiming for Nxf6+.} Qb6 20. Be3 Qc6 {[%emt 0:07:40] [#]} 21. Ng3 {[%emt 0:01:27] 0x0.001aa05602d0dp-1022s more active pieces.} (21. Rd5 $1 $16 ) 21... Rad8 22. b3 Nxg4 23. hxg4 Qg6 24. Qe2 Nb6 25. Nf5 Qe6 {[%emt 0:00:55] White now steadily converts the win.} ({Better is} 25... c4 $14) 26. g5 $16 hxg5 (26... Bc6 $142) 27. Qh5+ (27. Bxg5 $6 Rxd1+ 28. Rxd1 Kg8 $14) 27... Kg8 28. Qxg5 ({But not} 28. Bxg5 $6 Rxd1+ 29. Rxd1 c4 $16) 28... Nd7 (28... Rxd1+ $16 29. Rxd1 Nd7) 29. Rd6 f6 $2 {[%emt 0:01:26] [#]} (29... Qxd6 {is a better defense.} 30. Nxd6 Bxd6) 30. Qg6 $1 $18 Qxf5 31. Qxf5 Bxd6 32. Rd1 Nf8 33. b4 Bc8 $2 (33... c4 34. a4 Bc7) 34. Qh5 {[%emt 0:00:20][%cal Od1d6] Threatens to win with Rxd6!} c4 35. Bb6 {[%emt 0:00:22] Inhibits Bc7.} g6 36. Qf3 Rd7 37. Qxf6 Re6 38. Qf3 Rf7 39. Qe3 Nd7 40. Ba7 Bb7 41. Rd2 Nf6 (41... Bc6 $142 42. Bd1 Nf6) 42. Bc5 Bc7 43. Qh3 Re8 44. Qh6 Rg7 45. f3 Kf7 46. Qe3 Kg8 (46... Re6 {keeps fighting.} 47. a4 g5) 47. Bd6 {[%emt 0:01:19] And now Bxc7 would win.} Bd8 {[%emt 0:01:26] [#]} (47... Re6 $142 48. Bxc7 Rxc7 49. Rd8+ Kg7) 48. Bxe5 $1 {[%emt 0:01:18][%mdl 512] Weighted Error Value: White=0.24 (precise) /Black=0.38} 1-0

[Event "GER-ch Youth-U16 2022"]
[Site "Willingen"]
[Date "2022.06.06"]
[Round "3.14"]
[White "Spriestersbach, Kai"]
[Black "Hecht, Jonas Christian"]
[Result "1-0"]
[ECO "B47"]
[WhiteElo "1948"]
[BlackElo "1884"]
[Annotator "TA"]
[PlyCount "85"]
[EventDate "2022.06.05"]
[EventType "swiss"]
[EventRounds "9"]
[EventCountry "GER"]
[SourceTitle "playchess.com"]
[Source "ChessBase"]
[SourceQuality "1"]
[TimeControl "40/4500+30:900+30"]

1. e4 c5 2. Nf3 e6 3. d4 cxd4 4. Nxd4 Nc6 5. Nc3 Qc7 6. Be2 Nf6 7. a3 {[%emt 0:00:00] B47: Sicilian: Taimanov: 5 Nc3 Qc7 6 f4, 6 g3 and 6 Be2.} Be7 8. f4 d6 9. Be3 {[%emt 0:00:00] White has an edge.} O-O 10. g4 Nxd4 11. Qxd4 {[%emt 0:00:21] And now g5 would win.} e5 12. Qd2 (12. Qd3 $11) 12... exf4 (12... Nxg4 $15 13. O-O-O Nxe3 14. Qxe3 exf4 15. Qxf4 Be6) 13. Bxf4 $11 {[%emt 0:00:12] [#] Black must now prevent g5.} Nxg4 $146 ({Predecessor:} 13... Be6 14. O-O-O Qa5 15. g5 Nd7 16. Kb1 Qc5 17. h4 Ne5 18. Nd5 Bxd5 19. Qxd5 Rfc8 {½-½ (54) Bellahcene,B (2512)-Kanarek,M (2484) Warsaw 2021}) 14. O-O-O $1 {[%emt 0:06:26] [#] aiming for Nd5.} Ne5 15. Nd5 Qd8 16. Qb4 (16. Rhg1 $16) 16... a5 (16... Bg5 $11 {remains equal.}) 17. Nxe7+ $16 {[%emt 0:00:54][%mdl 64] [#] Remove Defender. White leaves nothing to chance now.} Qxe7 18. Qxd6 Qxd6 19. Rxd6 Ng6 20. Bg3 {[%emt 0:00:25] 0x0.002abb0ac827dp-1022s more active pieces. The black rooks are badly placed.} Be6 (20... Ne7 $16) 21. Rhd1 Ne7 (21... Rfc8 $16 22. Rb6 Ra7) 22. Rb6 $18 Nc6 23. Rxb7 Rfd8 24. c3 {[%emt 0:03:48] Against Nd4} a4 25. Bc7 {[%emt 0:04:52] A strong pair of Bishops.} Rxd1+ 26. Bxd1 g5 27. Rb5 h6 28. Rc5 Ne7 29. Ra5 Rxa5 30. Bxa5 {[%emt 0:00:05][%mdl 4096] Endgame KBB-KBN} Bd7 31. Kd2 Ng6 32. Bc7 {[%emt 0:02:05] Against Ne5} f6 33. Ke3 Kf7 34. Bh5 g4 $2 (34... Be8 35. Bd6 Ke6) 35. Kd4 Kg7 36. Bg3 f5 37. exf5 Bxf5 38. Kc5 Bd7 $2 (38... Kf6 39. Kb5 Kg5) 39. Kd6 {[%emt 0:00:22] White is clearly winning.} Bf5 40. c4 Nf8 41. Be5+ Kg8 42. Be8 Ng6 43. Bxa4 {[%emt 0:00:00] Weighted Error Value: White=0.15 (very precise) /Black=0.38} 1-0

[Event "GER-ch Youth-U16 2022"]
[Site "Willingen"]
[Date "2022.06.06"]
[Round "3.15"]
[White "Tovmasyan, Minas"]
[Black "Neuber, Pascal"]
[Result "1-0"]
[ECO "E15"]
[WhiteElo "1933"]
[BlackElo "1802"]
[Annotator "TA"]
[PlyCount "97"]
[EventDate "2022.06.05"]
[EventType "swiss"]
[EventRounds "9"]
[EventCountry "GER"]
[SourceTitle "playchess.com"]
[Source "ChessBase"]
[SourceQuality "1"]
[TimeControl "40/4500+30:900+30"]

1. d4 Nf6 2. c4 e6 3. Nf3 b6 4. g3 Bb7 5. Bg2 g6 6. O-O Bg7 7. Nc3 Ne4 {[%emt 0:00:00] E16: Queen's Indian: 4 g3 Bb7 5 Bg2 Bb4+.} 8. Qd3 Nxc3 9. Qxc3 c5 {[%emt 0:00:00] The position is equal.} 10. Be3 O-O 11. Qd2 {[%emt 0:02:04] [#]} cxd4 $146 (11... Qe7 $11) ({Predecessor:} 11... d6 12. Bh6 Nc6 13. Bxg7 Kxg7 14. Rfd1 Qf6 15. Ng5 Rad8 16. Ne4 Qe7 17. d5 Nd4 {½-½ (78) Martinez Rodriguez,P (2222)-Van der Werf,M (2422) Amsterdam 2002}) 12. Bxd4 $14 d5 13. Bxg7 Kxg7 14. Ne5 Nd7 15. Nxd7 {[%emt 0:19:00] White is much more active.} ({Much weaker is} 15. Ng4 Nf6 16. Qh6+ Kg8 $11) 15... Qxd7 16. Rfd1 Rfd8 17. cxd5 Kg8 (17... Qd6 $16 {is a better defense.}) 18. d6 $18 Bxg2 19. Kxg2 Rac8 20. Rac1 Rc6 21. Rxc6 Qxc6+ $16 {[%emt 0:00:07][%mdl 4096] Endgame KQR-KQR} 22. f3 Rd7 23. e4 e5 24. Qd5 ({White should try} 24. Qd3 $16) 24... Qxd5 $11 25. Rxd5 {[%emt 0:00:08] KR-KR} f6 26. f4 Kf7 (26... exf4 $1 $11 {remains equal.} 27. gxf4 Kf7) 27. f5 $1 $16 ({But not} 27. fxe5 fxe5 28. Rxe5 Rxd6 $11) 27... gxf5 (27... g5 $16 {keeps fighting.}) 28. exf5 $18 Ke8 {[%emt 0:00:23] [#]} 29. Kf3 ({Better is} 29. Rd3 $1 $18) 29... Kd8 $2 (29... Rg7 $16) 30. Rd3 {[%emt 0:06:23] Threatens to win with Ke4.} Rb7 (30... Rg7 $142 31. Rc3 b5) 31. Ke4 Kd7 32. g4 Rb8 33. Kd5 $2 (33. g5) 33... Rg8 $2 (33... Rc8 $18 34. Rh3 Rc5+ 35. Ke4 Kxd6 36. Rxh7 Ra5) 34. Rc3 Rxg4 35. Rc7+ Kd8 36. Ke6 Rg8 37. Kxf6 e4 38. Ke6 (38. Rxa7 $142 Rg2 39. Ke6 Kc8 40. d7+ Kb8 41. d8=Q+ Kxa7 42. f6 Rf2 43. f7) 38... e3 39. Rd7+ Kc8 40. Rc7+ (40. Re7 $142 e2 41. Kd5) 40... Kd8 {[%emt 0:00:59] Hoping for ...Re8+.} 41. Rd7+ (41. Rxa7 $142 Re8+ 42. Kd5 (42. Kf7 Re5 $14) 42... Re5+ 43. Kc6 (43. Kxe5 e2 $11) 43... Rc5+ 44. Kxb6) 41... Kc8 {[%emt 0:00:00] [#]} 42. Re7 $1 {[%emt 0:00:00] d7+ would kill now.} Kd8 43. d7 {[%emt 0:05:09] White mates.} Rf8 44. Kd6 Rf6+ 45. Re6 Rf8 46. Rxe3 h5 47. Re6 h4 48. f6 b5 49. f7 {[%emt 0:00:07] Weighted Error Value: White=0.60/Black=0.59} 1-0

[Event "GER-ch Youth-U16 2022"]
[Site "Willingen"]
[Date "2022.06.06"]
[Round "3.16"]
[White "Weidenhoefer, Max"]
[Black "Guo, Philipp Ziming"]
[Result "1-0"]
[ECO "B90"]
[WhiteElo "1945"]
[BlackElo "1825"]
[Annotator "TA"]
[PlyCount "87"]
[EventDate "2022.06.05"]
[EventType "swiss"]
[EventRounds "9"]
[EventCountry "GER"]
[SourceTitle "playchess.com"]
[Source "ChessBase"]
[SourceQuality "1"]
[TimeControl "40/4500+30:900+30"]

1. e4 c5 2. Nf3 d6 3. d4 cxd4 4. Nxd4 Nf6 5. Nc3 a6 6. Bd3 Nc6 7. Nxc6 {[%emt 0:00:00] B90: Sicilian Najdorf: Unusual White 6th moves, 6 Be3 Ng4 and 6 Be3 e5.} bxc6 8. b3 {[%emt 0:00:00] seems to push 8.0-0 aside.} e5 9. Bb2 {[%emt 0:00:00] White is slightly better.} Be7 {[%emt 0:00:00] [#]} 10. Qd2 $146 ({Predecessor:} 10. O-O Be6 11. Na4 Nd7 12. c4 c5 13. Be2 O-O 14. Bg4 Nf6 15. Bf5 Qc7 16. Qf3 {1-0 (75) Heberla,B (2566)-Mendonca,L (2472) Spilimbergo 2020}) 10... O-O 11. O-O-O Nd7 {[%emt 0:19:16] [#] aiming for ...Bg5.} 12. Kb1 Nc5 13. f3 Qc7 14. Bc4 Be6 15. Bxe6 Nxe6 16. Na4 Rad8 17. h4 f6 18. Qe2 Qb7 19. g4 d5 20. exd5 (20. Bc1 $11) 20... cxd5 $15 21. Bc1 Nd4 22. Qe3 Qc6 $2 {[%emt 0:02:54][%mdl 8192] This costs Black the game.} (22... Rc8 $15 23. c3 {[#]} Nxb3 $1) 23. Rxd4 $18 exd4 24. Qxe7 Rfe8 25. Qc5 Rc8 26. Qxc6 ({Not} 26. Qxd4 Qxc2+ 27. Ka1 Re2 28. Qxd5+ (28. Bb2 Rd2 $14) 28... Kh8 $16) 26... Rxc6 27. Rh2 {[%emt 0:00:07] Inhibits Re2.} Re1 28. Nb2 Rf1 29. f4 Rg1 30. g5 fxg5 31. fxg5 ({Don't do} 31. hxg5 h6 32. Nd3 Rb6 $18) 31... Re6 32. Nd3 Re4 33. Kb2 Rgg4 34. h5 Re6 35. h6 g6 (35... Rg1 $142 36. hxg7 Kxg7) 36. Rf2 {[%emt 0:00:45] White is clearly winning.} Rg1 37. Nc5 Re5 (37... Re7 $142 38. Bd2 Ra7) 38. Nd7 Rf5 {[%emt 0:00:27] Against Rf8+} 39. Nf6+ Kf7 40. Re2 Rfxg5 (40... Rff1 $142 41. Bd2 Rxf6 42. gxf6 d3 43. cxd3 Kxf6) 41. Bxg5 Rxg5 42. Rf2 Ke7 43. Nxh7 Rh5 44. Nf6 {[%emt 0:00:00] Weighted Error Value: White=0.23 (precise) /Black=0.49} 1-0

[Event "GER-ch Youth-U16 2022"]
[Site "Willingen"]
[Date "2022.06.07"]
[Round "4.1"]
[White "Lutsko, Artem"]
[Black "Petrovskyi, Vadym"]
[Result "1/2-1/2"]
[ECO "E32"]
[WhiteElo "2392"]
[BlackElo "2330"]
[Annotator "TA"]
[PlyCount "60"]
[EventDate "2022.06.05"]
[EventType "swiss"]
[EventRounds "9"]
[EventCountry "GER"]
[SourceTitle "playchess.com"]
[Source "ChessBase"]
[SourceQuality "1"]
[TimeControl "40/4500+30:900+30"]

1. d4 Nf6 2. c4 e6 3. Nc3 Bb4 4. Qc2 O-O 5. Nf3 d5 6. a3 Bxc3+ 7. Qxc3 dxc4 8. Qxc4 b6 {[%emt 0:00:17] The position is equal.} 9. Bg5 {[%emt 0:00:14] E36: Nimzo-Indian: Classical: 4...d5 5 a3.} Bb7 10. Rc1 h6 11. Bh4 c5 12. dxc5 Nbd7 {[%emt 0:00:05] Prevents Ne5.} 13. c6 Rc8 14. Qa4 {[%emt 0:00:03] [#]} Qc7 $146 ({Predecessor:} 14... Nb8 15. Ne5 Nxc6 16. Ng4 b5 17. Nxf6+ Qxf6 18. Bxf6 bxa4 19. Bc3 Ne7 20. f3 Nd5 {½-½ (47) Yu,Y (2763)-Vitiugov,N (2732) Khanty-Mansiysk 2019}) 15. Qxa7 Ne4 {[%emt 0:00:12][%cal Od7c5] [#] ...Ndc5! is the strong threat.} 16. Bg3 Qxc6 17. Rxc6 Rxc6 18. e3 Rc1+ 19. Ke2 Ndc5 {[%emt 0:00:10] [#] aiming for ...Ba6+.} 20. Nd4 {[%emt 0:00:03] Strongly threatening b4.} Rc8 21. Qxb6 Rb1 22. Qb4 {[%emt 0:00:02] Prevents Nc3+.} f5 $1 {[%emt 0:00:08] And now ...Ba6+ would win.} 23. Be5 {[%emt 0:00:03][%cal Og2g4] Threatens to win with g4!} Nd3 24. Qxb7 Re1+ $1 25. Kf3 (25. Kxd3 $2 {leads to mate.} Rd1+ 26. Ke2 Rd2+ 27. Kf3 Rxf2#) 25... Nxe5+ {[%emt 0:00:08] Pair of Knights!} 26. Kf4 Ng6+ 27. Kf3 Nh4+ 28. Kf4 Ng6+ 29. Kf3 Ne5+ 30. Kf4 Ng6+ {[%emt 0:00:07] An even fight not without its subleties.  Weighted Error Value: White=0.02 (flawless) /Black=0.00 (flawless)} 1/2-1/2